TOP OF THE 1ST |
Iowa Cubs batting - Pitching for Albuquerque Isotopes : RHP Curtis Gumbs
|
Pitching: RHP Curtis Gumbs
|
|
Batting: SHB Seung-ho Zhang
|
0-0: Called Strike 0-1: SINGLE (Flyball, 8LS, EV 85.0 MPH)
|
Batting: RHB Jon Aguilar
|
0-0: Ball 1-0: Ball 2-0: Swinging Strike 2-1: Foul Ball, location: 2F 2-2: Strikes out swinging
|
Batting: LHB Mark Ingram
|
0-0: Ball 1-0: Foul Ball, location: 2F 1-1: Ball 2-1: Ball 3-1: Called Strike 3-2: Strikes out swinging
|
Batting: RHB Ricardo Aguinaga
|
0-0: Ball 1-0: Swinging Strike 1-1: Ball 2-1: Ball 3-1: Called Strike 3-2: Fly out, F8 (Flyball, 8RM, EV 85.0 MPH)
|
Top of the 1st over - 0 runs, 1 hit, 0 errors, 1 left on base; Iowa 0 - Albuquerque 0 |
BOTTOM OF THE 1ST |
Albuquerque Isotopes batting - Pitching for Iowa Cubs : RHP Willie Ramos
|
Pitching: RHP Willie Ramos
|
|
Batting: LHB Alfredo de la Cruz
|
0-0: Called Strike 0-1: Ball 1-1: Fly out, F8 (Line Drive, 8LD, EV 86.2 MPH)
|
Batting: RHB Eddie McCoy
|
0-0: Called Strike 0-1: Foul Ball, location: 2F 0-2: Foul Ball, location: 2F 0-2: Ball 1-2: Ball 2-2: SINGLE (Line Drive, 34D, EV 96.9 MPH)
|
Batting: RHB Adrian Rudkilde
|
0-0: Called Strike 0-1: Fly out, F8 (Flyball, 8LD, EV 100.0 MPH)
|
Batting: RHB Chris King
|
0-0: Ball 1-0: Swinging Strike 1-1: Called Strike 1-2: Foul Ball, location: 2F 1-2: Strikes out swinging
|
Bottom of the 1st over - 0 runs, 1 hit, 0 errors, 1 left on base; Iowa 0 - Albuquerque 0 |
TOP OF THE 2ND |
Iowa Cubs batting - Pitching for Albuquerque Isotopes : RHP Curtis Gumbs
|
Batting: SHB Gabriel Cruz
|
0-0: Foul Ball, location: 2F 0-1: Called Strike 0-2: Fly out, F5 (Popup, 5SF, EV 75.6 MPH)
|
Batting: RHB Adam O'Hare
|
0-0: SINGLE (Groundball, 25, EV 75.0 MPH) (infield hit)
|
Batting: RHB Ryan Walker
|
0-0: Called Strike 0-1: Called Strike 0-2: Strikes out swinging
|
Batting: LHB Sumiki Okuhara
|
0-0: Ball 1-0: Ball 2-0: Ball 3-0: Base on Balls Adam O'Hare to second
|
Batting: RHB Tony Mendez
|
0-0: Called Strike 0-1: Foul Ball, location: 2F 0-2: Ball 1-2: Strikes out swinging
|
Top of the 2nd over - 0 runs, 1 hit, 0 errors, 2 left on base; Iowa 0 - Albuquerque 0 |
BOTTOM OF THE 2ND |
Albuquerque Isotopes batting - Pitching for Iowa Cubs : RHP Willie Ramos
|
Batting: LHB Adam Hill
|
0-0: Ball 1-0: Ball 2-0: Ball 3-0: Base on Balls
|
Batting: LHB Gabe Harvey
|
0-0: Foul Ball, location: 2F 0-1: Ball 1-1: Fielders Choice at 2nd, 4-6 (Groundball, 4, EV 90.6 MPH)
|
Batting: RHB Herb McIntyre
|
0-0: Ball 1-0: Ball 2-0: Called Strike 2-1: Fielders Choice at 2nd, 5-4 (Groundball, 56, EV 86.9 MPH)
|
Batting: SHB Jamel Wright
|
0-0: Ball 1-0: SINGLE (Groundball, 3D, EV 98.8 MPH) Herb McIntyre to second Runner from 2nd tries for 3rd, SAFE, throw by RF made at trailing runner, OUT! 9-6
|
Bottom of the 2nd over - 0 runs, 1 hit, 0 errors, 1 left on base; Iowa 0 - Albuquerque 0 |
TOP OF THE 3RD |
Iowa Cubs batting - Pitching for Albuquerque Isotopes : RHP Curtis Gumbs
|
Batting: SHB Seung-ho Zhang
|
0-0: Foul Ball, location: 2F 0-1: Foul Ball, location: 2F 0-2: Ball 1-2: Strikes out swinging, 2-3 out at first.
|
Batting: RHB Jon Aguilar
|
0-0: Bunt missed! 0-1: Foul Ball, location: 2F 0-2: Ground out 1-3 (Groundball, 13S, EV 61.2 MPH)
|
Batting: LHB Mark Ingram
|
0-0: Ball 1-0: Ball 2-0: Ball 3-0: Called Strike 3-1: Base on Balls
|
Batting: RHB Ricardo Aguinaga
|
0-0: Ball 1-0: Ball 2-0: Ball 3-0: Called Strike 3-1: Base on Balls Mark Ingram to second
|
Batting: SHB Gabriel Cruz
|
0-0: Foul Ball, location: 2F 0-1: Ball 1-1: Ground out 4-3 (Groundball, 4, EV 104.4 MPH)
|
Top of the 3rd over - 0 runs, 0 hits, 0 errors, 2 left on base; Iowa 0 - Albuquerque 0 |
BOTTOM OF THE 3RD |
Albuquerque Isotopes batting - Pitching for Iowa Cubs : RHP Willie Ramos
|
Batting: RHB Ben Taylor
|
0-0: Ball 1-0: Reached on error, E6 (Groundball, 6, EV 83.8 MPH)
|
Batting: LHB Alfredo de la Cruz
|
0-0: Called Strike 0-1: Foul Ball, location: 2F 0-2: Foul Ball, location: 2F 0-2: Ball 1-2: Ball 2-2: Ball 3-2: TRIPLE (Line Drive, 89XD, EV 110.6 MPH) Ben Taylor scores
|
Batting: RHB Eddie McCoy
|
0-0: Swinging Strike 0-1: SINGLE (Groundball, 4MD, EV 102.5 MPH) Alfredo de la Cruz scores
|
Batting: RHB Adrian Rudkilde
|
0-0: Called Strike 0-1: Ball 1-1: Ball 2-1: Swinging Strike 2-2: Strikes out looking
|
Batting: RHB Chris King
|
0-0: Foul Ball, location: 2F 0-1: Foul Ball, location: 2F 0-2: Fly out, F9 (Flyball, 9S, EV 86.2 MPH)
|
Batting: LHB Adam Hill
|
0-0: Foul Ball, location: 2F 0-1: Hit by Pitch Eddie McCoy to second
|
Batting: LHB Gabe Harvey
|
0-0: SINGLE (Groundball, 56, EV 104.4 MPH) Eddie McCoy to third Adam Hill to second
|
Batting: RHB Herb McIntyre
|
0-0: Called Strike 0-1: Ball 1-1: Ball 2-1: SINGLE (Line Drive, 4MD, EV 96.9 MPH) Eddie McCoy scores Adam Hill to third Gabe Harvey to second
|
Batting: SHB Jamel Wright
|
0-0: Ball 1-0: Swinging Strike 1-1: Ball 2-1: Ball 3-1: Base on Balls Adam Hill scores Gabe Harvey to third Herb McIntyre to second
|
Batting: RHB Ben Taylor
|
0-0: Foul Ball, location: 2F 0-1: Ball 1-1: SINGLE (Line Drive, 56D, EV 96.2 MPH) Gabe Harvey scores Herb McIntyre to third Jamel Wright to second Runner from 3rd tries for Home, SAFE, throw by LF to home
|
Pitching: RHP Arnaldo Cardamenho
|
|
Batting: LHB Alfredo de la Cruz
|
0-0: Foul Ball, location: 2F 0-1: Ball 1-1: Swinging Strike 1-2: Ball 2-2: Foul Ball, location: 2F 2-2: Ball 3-2: Foul Ball, location: 2F 3-2: Foul Ball, location: 2F 3-2: Base on Balls Jamel Wright to third Ben Taylor to second
|
Batting: RHB Eddie McCoy
|
0-0: Called Strike 0-1: Ball 1-1: Swinging Strike 1-2: Ball 2-2: Foul Ball, location: 2F 2-2: Ball 3-2: SINGLE (Line Drive, 8LS, EV 102.5 MPH) Jamel Wright scores Ben Taylor to third Alfredo de la Cruz to second Ben Taylor scores Alfredo de la Cruz to third
|
Batting: RHB Adrian Rudkilde
|
0-0: Called Strike 0-1: Foul Ball, location: 2F 0-2: Ball 1-2: Ball 2-2: Strikes out looking
|
Bottom of the 3rd over - 8 runs, 6 hits, 1 error, 2 left on base; Iowa 0 - Albuquerque 8 |
TOP OF THE 4TH |
Iowa Cubs batting - Pitching for Albuquerque Isotopes : RHP Curtis Gumbs
|
Batting: RHB Adam O'Hare
|
0-0: Called Strike 0-1: Ground out 6-3 (Groundball, 6, EV 105.0 MPH)
|
Batting: RHB Ryan Walker
|
0-0: Foul Ball, location: 2F 0-1: Swinging Strike 0-2: Ball 1-2: Strikes out swinging
|
Batting: LHB Sumiki Okuhara
|
0-0: Called Strike 0-1: Swinging Strike 0-2: SINGLE (Groundball, 4MS, EV 66.2 MPH) (infield hit)
|
Batting: RHB Tony Mendez
|
0-0: SINGLE (Groundball, 34, EV 95.6 MPH) Sumiki Okuhara to second Throwing error, E9 Sumiki Okuhara scores Tony Mendez to second
|
Batting: SHB Seung-ho Zhang
|
0-0: Ball 1-0: Called Strike 1-1: Ball 2-1: Ball 3-1: Foul Ball, location: 2F 3-2: SINGLE (Line Drive, 78S, EV 91.9 MPH) Tony Mendez to third Runner from 3rd tries for Home, SAFE, throw by LF to home
|
Batting: RHB Jon Aguilar
|
0-0: Ball 1-0: Foul Ball, location: 2F 1-1: Ball 2-1: Called Strike 2-2: Ball 3-2: Fly out, F9 (Flyball, 9, EV 95.6 MPH)
|
Top of the 4th over - 2 runs, 3 hits, 1 error, 1 left on base; Iowa 2 - Albuquerque 8 |
BOTTOM OF THE 4TH |
Albuquerque Isotopes batting - Pitching for Iowa Cubs : RHP Arnaldo Cardamenho
|
Batting: RHB Chris King
|
0-0: Foul Ball, location: 2F 0-1: Ball 1-1: Ball 2-1: SINGLE (Line Drive, 34D, EV 95.6 MPH)
|
Batting: LHB Adam Hill
|
0-0: Ball 1-0: Ball 2-0: Ball 3-0: Base on Balls Chris King to second
|
Batting: LHB Gabe Harvey
|
0-0: Swinging Strike 0-1: Ball 1-1: Foul Ball, location: 2F 1-2: Foul Ball, location: 2F 1-2: Strikes out looking
|
Batting: RHB Herb McIntyre
|
0-0: Called Strike 0-1: Ball 1-1: Fly out, F7 (Flyball, 7D, EV 90.6 MPH) Runner from 2nd tags up, SAFE at 3rd, no throw by LF
|
Batting: SHB Jamel Wright
|
0-0: Ball 1-0: Ball 2-0: Ball 3-0: Base on Balls Adam Hill to second
|
Batting: RHB Ben Taylor
|
0-0: Called Strike 0-1: Ball 1-1: Fly out, F9 (Line Drive, 9D, EV 97.5 MPH)
|
Bottom of the 4th over - 0 runs, 1 hit, 0 errors, 3 left on base; Iowa 2 - Albuquerque 8 |
TOP OF THE 5TH |
Iowa Cubs batting - Pitching for Albuquerque Isotopes : RHP Curtis Gumbs
|
Batting: LHB Mark Ingram
|
0-0: Called Strike 0-1: Swinging Strike 0-2: Ball 1-2: SINGLE (Groundball, 56D, EV 102.5 MPH)
|
Batting: RHB Ricardo Aguinaga
|
0-0: Swinging Strike 0-1: Ball 1-1: Foul Ball, location: 2F 1-2: Strikes out swinging
|
Batting: SHB Gabriel Cruz
|
0-0: Ball 1-0: Foul Ball, location: 2F 1-1: Called Strike 1-2: Fielders Choice at 2nd, 1-6 (Groundball, 34S, EV 71.9 MPH)
|
Batting: RHB Adam O'Hare
|
0-0: Ball 1-0: Called Strike 1-1: Swinging Strike 1-2: Strikes out swinging
|
Top of the 5th over - 0 runs, 1 hit, 0 errors, 1 left on base; Iowa 2 - Albuquerque 8 |
BOTTOM OF THE 5TH |
Albuquerque Isotopes batting - Pitching for Iowa Cubs : RHP Arnaldo Cardamenho
|
Batting: LHB Alfredo de la Cruz
|
0-0: Foul Ball, location: 2F 0-1: Ball 1-1: Foul Ball, location: 2F 1-2: Ball 2-2: Ground out 1-3 (Groundball, 13S, EV 74.4 MPH)
|
Batting: RHB Eddie McCoy
|
0-0: Called Strike 0-1: Foul Ball, location: 2F 0-2: Ball 1-2: Strikes out swinging
|
Batting: RHB Adrian Rudkilde
|
0-0: Ball 1-0: Ball 2-0: Ball 3-0: Base on Balls
|
Batting: RHB Chris King
|
0-0: Ball 1-0: Swinging Strike 1-1: Ball 2-1: Ball 3-1: Base on Balls Adrian Rudkilde to second
|
Pitching: LHP Jose Urena
|
|
Batting: LHB Adam Hill
|
0-0: Ball 1-0: Foul Ball, location: 2F 1-1: Fielders Choice at 2nd, 6-4 (Groundball, 6, EV 107.5 MPH)
|
Bottom of the 5th over - 0 runs, 0 hits, 0 errors, 2 left on base; Iowa 2 - Albuquerque 8 |
TOP OF THE 6TH |
Iowa Cubs batting - Pitching for Albuquerque Isotopes : RHP Curtis Gumbs
|
Pitching: LHP Chad Persaud
|
|
Batting: RHB Ryan Walker
|
0-0: Swinging Strike 0-1: Ball 1-1: Foul Ball, location: 2F 1-2: Ball 2-2: Ball 3-2: Foul Ball, location: 2F 3-2: Foul Ball, location: 2F 3-2: Base on Balls
|
Batting: LHB Sumiki Okuhara
|
0-0: Ball 1-0: Called Strike 1-1: Ball 2-1: Foul Ball, location: 2F 2-2: Foul Ball, location: 2F 2-2: Grounds into double play, 4-6-3 (Groundball, 4, EV 89.4 MPH)
|
Batting: RHB Tony Mendez
|
0-0: Ball 1-0: Ground out 4-3 (Groundball, 4, EV 86.9 MPH)
|
Top of the 6th over - 0 runs, 0 hits, 0 errors, 0 left on base; Iowa 2 - Albuquerque 8 |
BOTTOM OF THE 6TH |
Albuquerque Isotopes batting - Pitching for Iowa Cubs : LHP Jose Urena
|
Batting: LHB Gabe Harvey
|
0-0: Fly out, F9 (Flyball, 9S, EV 90.6 MPH)
|
Batting: RHB Herb McIntyre
|
0-0: Ball 1-0: Ground out 4-3 (Groundball, 4, EV 95.0 MPH)
|
Batting: SHB Jamel Wright
|
0-0: Ball 1-0: Ball 2-0: Called Strike 2-1: Ball 3-1: Swinging Strike 3-2: Strikes out looking
|
Bottom of the 6th over - 0 runs, 0 hits, 0 errors, 0 left on base; Iowa 2 - Albuquerque 8 |
TOP OF THE 7TH |
Iowa Cubs batting - Pitching for Albuquerque Isotopes : LHP Chad Persaud
|
Batting: SHB Seung-ho Zhang
|
0-0: Ball 1-0: Swinging Strike 1-1: Foul Ball, location: 2F 1-2: Fly out, F9 (Flyball, 9, EV 84.4 MPH)
|
Batting: RHB Jon Aguilar
|
0-0: Called Strike 0-1: Ball 1-1: SINGLE (Groundball, 5S, EV 70.6 MPH) (infield hit)
|
Batting: LHB Mark Ingram
|
0-0: Ball 1-0: Called Strike 1-1: Ball 2-1: Ball 3-1: Base on Balls Jon Aguilar to second
|
Pitching: RHP Jon Turman
|
|
Batting: RHB Ricardo Aguinaga
|
0-0: Ball 1-0: Fly out, F7 (Flyball, 7LS, EV 85.0 MPH)
|
Batting: SHB Gabriel Cruz
|
0-0: Ball 1-0: Foul Ball, location: 2F 1-1: Foul Ball, location: 2F 1-2: Foul Ball, location: 2F 1-2: Ball 2-2: Ball 3-2: Ground out U3 (Groundball, 34, EV 104.4 MPH)
|
Top of the 7th over - 0 runs, 1 hit, 0 errors, 2 left on base; Iowa 2 - Albuquerque 8 |
BOTTOM OF THE 7TH |
Albuquerque Isotopes batting - Pitching for Iowa Cubs : LHP Jose Urena
|
Batting: RHB Ben Taylor
|
0-0: SINGLE (Groundball, 34D, EV 107.5 MPH)
|
Batting: LHB Alfredo de la Cruz
|
0-0: Ball 1-0: Called Strike 1-1: Ball 2-1: Ball 3-1: Foul Ball, location: 2F 3-2: Fielders Choice at 2nd, 5-4 (Groundball, 6, EV 106.9 MPH)
|
Batting: RHB Eddie McCoy
|
0-0: Ball 1-0: SINGLE (Flyball, 34D, EV 95.0 MPH) Alfredo de la Cruz to second
|
Batting: RHB Adrian Rudkilde
|
0-0: Ball 1-0: Ball 2-0: SINGLE (Groundball, 6, EV 96.9 MPH) Alfredo de la Cruz to third Eddie McCoy to second Runner from 3rd tries for Home, SAFE, throw by CF to home
|
Batting: RHB Chris King
|
0-0: Ball 1-0: Ball 2-0: Ball 3-0: Base on Balls Eddie McCoy to third Adrian Rudkilde to second
|
Batting: LHB Adam Hill
|
0-0: Ball 1-0: Fielders Choice at 2nd, 3-6 (Groundball, 3, EV 85.0 MPH) Eddie McCoy scores Adrian Rudkilde to third
|
Batting: LHB Gabe Harvey
|
0-0: Ball 1-0: SINGLE (Line Drive, 78S, EV 108.1 MPH) Adrian Rudkilde scores Adam Hill to second Runner from 2nd tries for 3rd, SAFE, throw by LF made to third
|
Batting: RHB Herb McIntyre
|
0-0: Foul Ball, location: 2F 0-1: Ball 1-1: Ball 2-1: Ball 3-1: 3-RUN HOME RUN (Flyball, 89XD, EV 105.6 MPH), Distance : 434 ft
|
Pitching: RHP Jose Ramirez
|
|
Batting: SHB Jamel Wright
|
0-0: Ball 1-0: Swinging Strike 1-1: Called Strike 1-2: Foul Ball, location: 2F 1-2: Ball 2-2: Strikes out swinging
|
Bottom of the 7th over - 6 runs, 5 hits, 0 errors, 0 left on base; Iowa 2 - Albuquerque 14 |
TOP OF THE 8TH |
Iowa Cubs batting - Pitching for Albuquerque Isotopes : RHP Jon Turman
|
Batting: RHB Adam O'Hare
|
0-0: Ball 1-0: Ground out U3 (Groundball, 3L, EV 91.2 MPH)
|
Batting: RHB Ryan Walker
|
0-0: Swinging Strike 0-1: Fly out, F8 (Flyball, 8RD, EV 102.5 MPH)
|
Batting: LHB Sumiki Okuhara
|
0-0: Called Strike 0-1: Ball 1-1: Foul Ball, location: 2F 1-2: Ball 2-2: Foul Ball, location: 2F 2-2: Strikes out swinging
|
Top of the 8th over - 0 runs, 0 hits, 0 errors, 0 left on base; Iowa 2 - Albuquerque 14 |
BOTTOM OF THE 8TH |
Albuquerque Isotopes batting - Pitching for Iowa Cubs : RHP Jose Ramirez
|
Batting: RHB Ben Taylor
|
0-0: Ball 1-0: Swinging Strike 1-1: Ball 2-1: Swinging Strike 2-2: Strikes out swinging
|
Batting: LHB Alfredo de la Cruz
|
0-0: Ball 1-0: Called Strike 1-1: Ball 2-1: Foul Ball, location: 2F 2-2: Strikes out looking
|
Batting: RHB Eddie McCoy
|
0-0: Ball 1-0: Ball 2-0: Ball 3-0: Called Strike 3-1: Base on Balls
|
Batting: RHB Adrian Rudkilde
|
0-0: Called Strike 0-1: Fielders Choice at 2nd, 5-4 (Groundball, 5, EV 86.2 MPH)
|
Bottom of the 8th over - 0 runs, 0 hits, 0 errors, 1 left on base; Iowa 2 - Albuquerque 14 |
TOP OF THE 9TH |
Iowa Cubs batting - Pitching for Albuquerque Isotopes : RHP Jon Turman
|
Batting: RHB Tony Mendez
|
0-0: Fly out, F9 (Line Drive, 9S, EV 111.9 MPH)
|
Batting: SHB Seung-ho Zhang
|
0-0: Called Strike 0-1: Foul Ball, location: 2F 0-2: Ball 1-2: Ball 2-2: Foul Ball, location: 2F 2-2: Ball 3-2: Foul Ball, location: 2F 3-2: Foul Ball, location: 2F 3-2: Base on Balls
|
Batting: RHB Jon Aguilar
|
0-0: Called Strike 0-1: Ball 1-1: Swinging Strike 1-2: Foul Ball, location: 2F 1-2: Strikes out looking
|
Batting: LHB Mark Ingram
|
0-0: Ball 1-0: Ball 2-0: Fielders Choice at 2nd, 5-4 (Groundball, 56, EV 81.9 MPH)
|
Top of the 9th over - 0 runs, 0 hits, 0 errors, 1 left on base; Iowa 2 - Albuquerque 14 |
|